 Dungeon Crawl Stone Soup version 0.25.1-2-g60ff931df9 (webtiles) character file.

Game seed: 15670272021116797074

1403 Ivernyr the Chiller (level 8, -2/42 HPs)
             Began as a Vine Stalker Ice Elementalist on Oct 20, 2020.
             Slain by a meliai zombie (10 damage)
             ... on level 7 of the Dungeon.
             The game lasted 00:16:44 (5933 turns).

Ivernyr the Chiller (Vine Stalker Ice Elementalist) Turns: 5933, Time: 00:16:45

Health: -2/42      AC:  3    Str: 11    XL:     8   Next: 69%
Magic:  0/16       EV: 12    Int: 23    God:
Gold:   292        SH:  0    Dex: 15    Spells: 10/17 levels left

rFire    . . .     SeeInvis .   p - +2 whip (venom)
rCold    . . .     Gourm    .   (no shield)
rNeg     . . .     Faith    .   a - +0 robe
rPois    .         Spirit   +   (no helmet)
rElec    .         Reflect  .   (no cloak)
rCorr    .         Harm     .   (no gloves)
MR       +....                  m - +0 pair of boots
Stlth    ++........             (no amulet)
HPRegen  0.54/turn              i - ring of wizardry
MPRegen  0.15/turn              v - +6 ring of intelligence

@: frozen ramparts
A: fangs 3, regeneration 1, magic shield, antimagic bite, no potion heal 3, rot
immunity
a: no special abilities


You were on level 7 of the Dungeon.
You were not hungry.

You visited 1 branch of the dungeon, and saw 7 of its levels.

You collected 292 gold pieces.

Inventory:

Hand Weapons
 p - a +2 whip of venom (weapon)
Armour
 a - a +0 robe (worn)
 m - a +0 pair of boots (worn)
 r - a +0 buckler
Jewellery
 i - a ring of wizardry (left hand)
 l - an uncursed ring of flight
 v - a +6 ring of intelligence (right hand)
 x - an uncursed ring of protection from magic
 y - an uncursed ring of positive energy
Scrolls
 b - 3 scrolls of random uselessness
 d - a scroll of enchant weapon {unknown}
 e - 6 scrolls of identify
 k - a scroll of fear
 o - a scroll of enchant armour {unknown}
 s - 5 scrolls of remove curse
 t - 2 scrolls of teleportation {unknown}
 u - 3 scrolls of magic mapping {unknown}
 z - 2 scrolls of blinking {unknown}
Potions
 f - a potion of brilliance {unknown}
 g - a potion of lignification {unknown}
 h - a potion of flight {unknown}
 j - 3 potions of curing {unknown}
 n - 2 potions of ambrosia {unknown}
 q - 2 potions of resistance {unknown}
 w - 2 potions of stabbing {unknown}
 A - a potion of cancellation {unknown}
 B - a potion of berserk rage {unknown}
 C - 2 potions of invisibility {unknown}
 D - a potion of mutation {unknown}
Comestibles
 c - 10 rations
 E - 11 chunks of flesh


   Skills:
 + Level 4.0 Fighting
 - Level 2.0 Dodging
 - Level 2.4 Stealth
 + Level 3.7 Shields
 + Level 5.1 Spellcasting
 * Level 7.7 Ice Magic


You had 10 spell levels left.
You knew the following spells:

 Your Spells              Type           Power        Failure   Level  Hunger
a - Freeze                Ice            ####         1%          1    None
b - Frozen Ramparts       Ice            #####.       1%          3    ##.....
c - Ozocubu's Armour      Chrm/Ice       ###.....     2%          3    ##.....

Your spell library contained the following spells:

 Spells                   Type           Power        Failure   Level  Hunger
 Animate Skeleton         Necr           N/A          4%          1    None
 Apportation              Tloc           #.....       4%          1    None
 Corona                   Hex            #......      4%          1    None
 Summon Small Mammal      Summ           #...         4%          1    None
 Hailstorm                Conj/Ice       ###.....     8%          4    ####...
 Summon Ice Beast         Ice/Summ       ###.....     8%          4    ####...


Dungeon Overview and Level Annotations

Branches:
Dungeon (8/15)
 Temple: D:4-7         Lair: D:8-11

Altars:
Ashenzari
Hepliaklqana
Kikubaaqudgha
Okawaru
Qazlal
Uskayaw
Wu Jian
Xom
Zin
The Shining One
Beogh

Shops:
D:7 :

Annotations:
D:3 3 runed translucent doors, McKennaii's ghost, amateur GrFi


Innate Abilities, Weirdness & Mutations

You have razor-sharp teeth.
Your natural rate of healing is unusually fast.
When hurt, damage is shared between your health and your magic reserves.
Your bite disrupts and absorbs the magic of your enemies.
Potions cannot restore your health.
You are immune to rotting.


Message History

The wall freezes the meliai zombie but do no damage.
The meliai zombie completely resists.
The wall freezes the meliai zombie but do no damage.
The meliai zombie hits you.
* * * LOW HITPOINT WARNING * * *
The meliai zombie hits you.
* * * LOW HITPOINT WARNING * * *
As you read the scroll of fear, it crumbles to dust.
You assume a fearsome visage.
The meliai zombie is unaffected.
The meliai zombie completely resists.
The wall freezes the meliai zombie but do no damage.
The meliai zombie hits you.
* * * LOW HITPOINT WARNING * * *
The meliai zombie hits you but does no damage.
The meliai zombie completely resists.
The wall freezes the meliai zombie but do no damage.
The meliai zombie completely resists.
The wall freezes the meliai zombie but do no damage.
The meliai zombie hits you!
You die...

.. ... .. .... ..
..... ####.## ..
...... #.....##.##
......##8. ......#
.......#.##.....
........@#......
.....?..Z..).#
........∩##)###
............#.#
........8##.......
....###......#...#
.... #>..........
.. #......### .
.........


You could see a meliai zombie.

Vanquished Creatures
  Prince Ribbit (D:7)
  A hippogriff (D:8)
  An ice beast (D:8)
  3 ogres
  A bullfrog (D:7)
  A scorpion (D:4)
  A howler monkey (D:5)
  2 orc priests (D:8)
  4 orc wizards
  3 hounds
  2 worker ants (D:4)
  8 gnolls (D:5)
  6 adders
  A shadow imp (D:8)
  A worm (D:2)
  2 dart slugs (D:2)
  2 leopard geckos
  15 orcs
  6 bats
  3 giant cockroaches
  A goblin (D:1)
  5 hobgoblins
  10 jackals
  7 kobolds
  2 quokkas
  2 ball pythons
  5 frilled lizards
  3 leopard gecko skeletons
  4 rats
103 creatures vanquished.

Notes
Turn   | Place    | Note
-------+----------+-------------------------------------------
     0 | D:1      | Ivernyr the Vine Stalker Ice Elementalist began the quest
                  | for the Orb.
     0 | D:1      | Reached XP level 1. HP: 9/9 MP: 4/4
   211 | D:1      | Reached XP level 2. HP: 3/14 MP: 3/6
   647 | D:1      | Found a shattered altar of Ashenzari.
   967 | D:1      | Reached XP level 3. HP: 17/17 MP: 4/7
   972 | D:1      | Learned a level 3 spell: Frozen Ramparts
   976 | D:1      | Learned a level 3 spell: Ozocubu's Armour
  1506 | D:2      | Reached skill level 1 in Fighting
  2366 | D:2      | Found a faded altar of an unknown god.
  2999 | D:3      | Gained mutation: Your natural rate of healing is unusually
                  | fast. [Vine Stalker growth]
  2999 | D:3      | Reached XP level 4. HP: 19/22 MP: 4/9
  3304 | D:3      | Found a runed translucent gate.
  3304 | D:3      | Found a runed translucent gate.
  3304 | D:3      | Found a runed translucent gate.
  3312 | D:3      | Noticed McKennaii's ghost (amateur GrFi)
  3313 | D:3      | Identified the +2 ring mail of Hopscotch {*Drain rN+
                  | Regen+}
  3315 | D:3      | Found a roughly hewn altar of Beogh.
  3380 | D:3      | Found a stormy altar of Qazlal.
  3450 | D:3      | Found an ancient bone altar of Kikubaaqudgha.
  3753 | D:4      | Found an iron altar of Okawaru.
  3854 | D:4      | Reached skill level 1 in Shields
  3854 | D:4      | Reached skill level 5 in Ice Magic
  3854 | D:4      | Reached XP level 5. HP: 25/26 MP: 5/10
  3862 | D:4      | Noticed an ogre
  3885 | D:4      | Killed an ogre
  3885 | D:4      | Reached XP level 6. HP: 10/30 MP: 0/12
  4365 | D:4      | Found an ornate altar of the Wu Jian Council.
  4707 | D:5      | Entered Level 5 of the Dungeon
  4979 | D:5      | Reached skill level 6 in Ice Magic
  4979 | D:5      | Reached XP level 7. HP: 31/35 MP: 8/13
  5316 | D:5      | You fall into a shaft and drop 3 floors!
  5316 | D:8      | Found a shimmering altar of Xom.
  5316 | D:8      | Found a hide-covered altar of Uskayaw.
  5316 | D:8      | Found a hazy altar of Hepliaklqana.
  5316 | D:8      | Found a glowing golden altar of the Shining One.
  5316 | D:8      | Found a glowing silver altar of Zin.
  5676 | D:8      | Noticed a hippogriff
  5685 | D:8      | Killed a hippogriff
  5685 | D:8      | Reached skill level 7 in Ice Magic
  5685 | D:8      | Gained mutation: You have razor-sharp teeth. [Vine Stalker
                  | growth]
  5685 | D:8      | Reached XP level 8. HP: 21/40 MP: 7/15
  5919 | D:7      | Found Foahupoh's Book Shop.
  5919 | D:7      | Noticed Prince Ribbit
  5928 | D:7      | Killed Prince Ribbit
  5928 | D:7      | Reached skill level 5 in Spellcasting
  5933 | D:7      | Slain by a meliai zombie

Illustrated notes

Levels and vault maps discovered:
D:1:      dpeg_arrival_concentric_ovals, layout_loops_ring,
          evilmike_ruin_ashenzari
D:2:      layout_basic, chequers_ecumenical_altar_twisty, first_ration
D:3:      layout_loops_ring, lemuel_coloured_pillars_altar, lemuel_round_altar,
          biasface_ghost_orc_armoury
D:4:      layout_loops_ring, kennysheep_little_box, kennysheep_okawaru_gauntlet
D:5:      layout_loops_corners, minmay_fractal_squares_gapless_5
D:7:      cheibrodos_grave_circle, layout_cave_pools, enter_bailey_2,
          serial_shops, shop_statue, the_bakery, uniq_prince_ribbit1
D:8:      layout_basic, grunt_gozag_statues, grunt_temple_overflow_open

Skill      XL: |  1  2  3  4  5  6  7  8 |
---------------+-------------------------+-----
Dodging        | 2 |  2.0
Fighting       | 1 2 3 4 |  4.0
Shields        | 1 2 3 |  3.7
Spellcasting   | 3 4 5 |  5.1
Ice Magic      | 5 6 7 |  7.7
Stealth        | |  2.4

Action                   |  1- 3 |  4- 6 |  7- 9 || total
-------------------------+-------+-------+-------++-------
Melee: Unarmed           |    29 |       |       ||    29
       Bite              |    14 |     9 |    11 ||    34
       Whip              |    19 |    32 |    53 ||   104
       Great sword       |    10 |       |       ||    10
 Cast: Freeze            |    51 |    22 |     3 ||    76
       Frozen Ramparts   |     2 |     8 |     8 ||    18
       Ozocubu's Armour  |       |       |     1 ||     1
  Use: Scroll            |       |     5 |     1 ||     6
 Stab: Sleeping          |     1 |     2 |     2 ||     5
  Eat: Chunk             |     7 |     7 |     3 ||    17
Armor: Robe              |    18 |    10 |    11 ||    39
Dodge: Dodged            |    59 |    22 |    29 ||   110
       Rpst.: Great sword |     1 |       |       ||     1
